 Dungeon Crawl Stone Soup version 0.28-a0-630-g0357d9c091 (webtiles) character file.

Game seed: 11969411254440595289

100 vkrn the Vexing (level 4, -7/21 HPs)
             Began as a Spriggan Enchanter on Oct 9, 2021.
             Mangled by a gnoll (10 damage)
             ... on level 2 of the Dungeon.
             The game lasted 00:05:42 (3102 turns).

vkrn the Vexing (Spriggan Enchanter)                Turns: 3102, Time: 00:05:42

Health: -7/21      AC:  2    Str:  5    XL:     4   Next: 47%
Magic:  9/11       EV: 17    Int: 16    God:
Gold:   2          SH:  0    Dex: 15    Spells: 4/12 levels left

rFire   . . .      SeeInvis +   a - +1 dagger
rCold   . . .      Faith    .   (shield restricted)
rNeg    . . .      Spirit   .   b - +0 robe
rPois   .          Reflect  .   (helmet restricted)
rElec   .          Harm     .   (no cloak)
rCorr   .          Rampage  .   (gloves unavailable)
Will    .....                   (boots unavailable)
Stlth   +++.......              (no amulet)
HPRegen 0.07/turn               (no ring)
MPRegen 0.12/turn               (no ring)

@: very slightly contaminated, very quick
A: very small, no large weapons, unfitting armour, see invisible, speed 3
a: no special abilities


You were on level 2 of the Dungeon.
You visited 1 branch of the dungeon, and saw 2 of its levels.

You collected 86 gold pieces.
You spent 84 gold pieces at shops.

Inventory:

Hand Weapons
 a - a +1 dagger (weapon)
Armour
 b - a +0 robe (worn)
Scrolls
 f - 2 scrolls of teleportation
 g - a scroll of magic mapping
Potions
 c - a potion of invisibility
 d - a potion of lignification {unknown}
 e - a potion of curing
 h - a potion of haste
 i - 2 potions of heal wounds


   Skills:
 - Level 1.1 Short Blades
 - Level 2.6 Dodging
 - Level 4.4 Stealth
 + Level 4.5 Spellcasting
 + Level 5.2 Hexes


You had 4 spell levels left.
You knew the following spells:

 Your Spells              Type           Power      Damage    Failure   Level
a - Ensorcelled Hibernat  Hex/Ice        24%        N/A       9%          2
b - Tukima's Dance        Hex            20%        N/A       5%          3
c - Dazzling Flash        Conj/Hex       24%        N/A       16%         3

Your spell library contained the following spells:

 Spells                   Type           Power      Damage    Failure   Level
 Confusing Touch          Hex            20%        N/A       5%          3


Dungeon Overview and Level Annotations

Branches:
Dungeon (2/15)

Altars:

Shops:
D:2 *


Innate Abilities, Weirdness & Mutations

You are very small and have problems with some larger weapons.
You are too small for most types of armour.
You have supernaturally acute eyesight. (SInv)
You cover ground extremely quickly. (Speed+++)


Message History

The gnoll hits you with a +0 spear.
You hit the gnoll but do no damage.
The gnoll is lightly wounded.
The gnoll completely misses you.
You closely miss the gnoll.
The gnoll is lightly wounded.
The gnoll barely misses you.
You hit the gnoll.
The gnoll is moderately wounded.
The gnoll completely misses you.
You hit the gnoll.
The gnoll is heavily wounded.
The gnoll hits you with a +0 spear.
You barely miss the gnoll.
The gnoll is heavily wounded.
The gnoll barely misses you.
You hit the gnoll but do no damage.
The gnoll is heavily wounded.
You completely miss the gnoll.
The gnoll is heavily wounded.
The gnoll hits you with a +0 spear!
* * * LOW HITPOINT WARNING * * *
Unknown command.
The gnoll closely misses you.
You see here a +0 dagger.
You see here a +0 halberd.
You start resting.
A gnoll is nearby!
A gnoll is nearby!
Casting: Ensorcelled Hibernation (safe; 9% risk of failure)
Confirm with . or Enter, or press ? or * to list all spells.
Aiming: Ensorcelled Hibernation (safe; 9% risk of failure)
Press: ? - help, Shift-Dir - straight line, f/p - gnoll
Aim: a gnoll, wielding a +0 spear (heavily wounded, wandering, hasn't noticed you, chance to affect: 51%)
You miscast Ensorcelled Hibernation.
You are very lightly contaminated with residual magic.
Nothing appears to happen.
The gnoll shouts!
The gnoll hits you from afar with a +0 spear!
You die...

..g.# ###.# #
#.# # #.# #
#g##############
#.....)).......#
#..###########g#
#....* #.#
###### #@# #.#
#.# #.# #.# #.#
#.# ####### #.#
......#
*****,*******


You could see a gnoll.

Vanquished Creatures
  3 gnolls (D:2)
  An adder (D:2)
  2 worms (D:2)
  A dart slug (D:1)
  6 ball pythons
  7 bats
  2 endoplasms
  7 goblins
  5 hobgoblins
  4 jackals (D:1)
  4 kobolds
  2 quokkas
  A frilled lizard (D:1)
  10 rats
55 creatures vanquished.

Notes
Turn   | Place    | Note
-------+----------+-------------------------------------------
     0 | D:1      | vkrn the Spriggan Enchanter began the quest for the Orb.
     0 | D:1      | Reached XP level 1. HP: 9/9 MP: 5/5
   332 | D:1      | Found a faded altar of an unknown god.
   344 | D:1      | Reached skill level 4 in Hexes
   346 | D:1      | Reached XP level 2. HP: 12/13 MP: 7/7
   350 | D:1      | Learned a level 2 spell: Ensorcelled Hibernation
   826 | D:1      | Reached XP level 3. HP: 13/16 MP: 9/9
   830 | D:1      | Learned a level 3 spell: Tukima's Dance
   834 | D:1      | Learned a level 3 spell: Dazzling Flash
  2493 | D:2      | Reached XP level 4. HP: 21/21 MP: 11/11
  2680 | D:2      | Found Eniunk's General Store.
  2689 | D:2      | Bought a scroll of teleportation for 42 gold pieces
  2689 | D:2      | Bought a scroll of teleportation for 42 gold pieces
  2808 | D:2      | Reached skill level 5 in Hexes
  3061 | D:2      | HP: 1/21 [gnoll (7)]
  3102 | D:2      | Mangled by a gnoll

Illustrated notes

Levels and vault maps discovered:
D:1:      minmay_arrival_loop, layout_basic,
          hellmonk_ecumenical_altar_heavens_door
D:2:      layout_basic, serial_shops, nicolae_shop_statue_plus,
          chequers_serial_rivers_micro_c

Skill      XL: |  1  2  3  4 |
---------------+-------------+-----
Spellcasting   | 3 4 |  4.5
Hexes          | 4 5 |  5.2
Short Blades   | |  1.1
Dodging        | |  2.6
Stealth        | |  4.4

Action                   |  1- 3 |  4- 6 || total
-------------------------+-------+-------++-------
Melee: Dagger            |   146 |    23 ||   169
 Cast: Ensorcelled Hiber |    18 |    12 ||    30
  Use: Scroll            |     3 |     3 ||     6
       Potion            |     1 |       ||     1
 Stab: Sleeping          |    23 |     5 ||    28
       Distracted        |     1 |       ||     1
Armor: Robe              |    13 |     3 ||    16
Dodge: Dodged            |   126 |    24 ||   150

Table legend: (Time is in decaauts)
 A = Elapsed time spent in this place.
 B = Non-inter-level travel time spent in this place.
 C = Inter-level travel time spent in this place.
 D = Time resting spent in this place.
 E = Time spent auto-exploring this place.
 F = Levels seen in this place.
 G = Mean time per level.
                   A        B        C        D        E       F      G
               +--------+--------+--------+--------+--------+-----+--------+
         Total |   2567 |   2466 |    101 |    561 |   1456 |   2 | 1283.5 |
       Dungeon |   2567 |   2466 |    101 |    561 |   1456 |   2 | 1283.5 |
               +--------+--------+--------+--------+--------+-----+--------+

Top non-repeatable levels by time:
     D:1: 1610 daAuts
     D:2: 957 daAuts
